 Dungeon Crawl Stone Soup version 0.31-a0-940-gdaa99269f9 (webtiles) character file.

Game seed: 1388840079185712743

49 kae the Vexing (level 3, 0/24 HPs)
             Began as a Demonspawn Enchanter on Oct 20, 2023.
             Slain by a cerulean imp
             ... wielding a +0 spear
             ... summoned by Natasha
              (5 damage)
             ... on level 2 of the Dungeon.
             The game lasted 00:01:21 (1516 turns).

kae the Vexing (Demonspawn Enchanter)               Turns: 1516, Time: 00:01:22

Health: 0/24       AC:  2    Str:  8    XL:     3   Next: 53%
Magic:  4/6        EV: 12    Int: 18    God:
Gold:   99         SH:  0    Dex: 13    Spells: 1/6 levels left

rFire   . . .        g - +4 dagger
rCold   . . .        (no shield)
rNeg    . . .        b - +0 robe
rPois   .            (helmet restricted)
rElec   .            (no cloak)
rCorr   .            (no gloves)
SInv    .            (no boots)
Will    .....        (no amulet)
Stlth   ++           (no ring)
HPRegen 0.24/turn    (no ring)
MPRegen 0.10/turn

%: no passive effects
@: no status effects
A: antennae 2
a: no special abilities


You were on level 2 of the Dungeon.
You visited 1 branch of the dungeon, and saw 2 of its levels.

You collected 99 gold pieces.


Innate Abilities, Weirdness & Mutations

You have a pair of antennae on your head.


   Skills:
 * Level 1.9 Short Blades
 - Level 1.7 Dodging
 + Level 3.0 Stealth
 + Level 2.3 Spellcasting
 * Level 3.6 Hexes


You had one spell level left.
You knew the following spells:

 Your Spells              Type           Power      Damage    Failure   Level
a - Ensorcelled Hibernat  Hex/Ice        16%        N/A       13%         2
b - Confusing Touch       Hex            15%        N/A       12%         3

Your spell library contained the following spells:

 Spells                   Type           Power      Damage    Failure   Level
 Tukima's Dance           Hex            15%        N/A       12%         3
 Dazzling Flash           Conj/Hex       16%        N/A       26%         3

Inventory:

Hand Weapons
 a - a +1 dagger
 g - a +4 dagger (weapon)
   (You took it off a goblin on level 1 of the Dungeon)
Missiles
 h - 21 stones
 j - 5 poisoned darts
Armour
 b - a +0 robe (worn)
Scrolls
 d - a scroll of vulnerability {unknown}
 e - a scroll of poison {unknown}
 f - 2 scrolls of identify {unknown}
Potions
 c - 2 potions of invisibility
 i - a potion of heal wounds {unknown}
 k - a potion of mutation {unknown}

Dungeon Overview and Level Annotations

Branches:
Dungeon (2/15) Zot: 10490

Altars:

Annotations:
D:2 exclusion: gnoll, Natasha, Sigmund

#.####..#.#.#.
#........#
#....#....#.#.
.........#
#.........#.#.
##.......#
#.#.........#.#
.........#
#.).......###.#
#........##
########.......#
#.........#
......)..#.######
........(†##########.#.#
#.
#.........5h@..........#
#.
#.###.##########.......#
#. # #.....# #.......#
#.
#.###.####.......#####'
#.#....................
#.#.#.####.............
#.#.#.# ###.#.##......
#...#.# #.#.##......
#####.# #.#.##......


You could see Natasha (asleep) and a cerulean imp (summoned).


Message History

😕 HP[-1]
You take 1 damage, and now have 23/24 hp.
You barely miss the giant cockroach. The giant cockroach bites you.
The giant cockroach bites you but does no damage.
You hit the giant cockroach but do no damage.
The giant cockroach bites you. 😕 HP[-2]
You take 2 damage, and now have 21/24 hp.
You hit the giant cockroach. The giant cockroach bites you.
You hit the giant cockroach but do no damage.
The giant cockroach bites you but does no damage.
You hit the giant cockroach.
The giant cockroach completely misses you.
You hit the giant cockroach.
You kill the giant cockroach!
No target in view!
No target in view!
This spell is quite dangerous to cast!
You start memorising the spell.
You continue memorising. x3
You finish memorising.
Spell assigned to 'b'. 😕 HP[+1]
You now have 99 gold pieces (gained 6).
You sense a monster nearby.
k - a glowing green potion 😎 HP[+2]
Your hp is fully restored (24).
Found a stone staircase leading up.
You see here a +0 pair of gloves.
You see here a +0 shortbow.
A rat comes into view.
The rat moves out of view.
A rat is nearby!
A rat is nearby!
You hit the rat.
You kill the rat!
No target in view!
No target in view!
No target in view!
You see here a +0 sling.
You open the door.
There is an open door here.
There is an open door here.
Key pressed, stopping explore.
A bat comes into view.
A bat is nearby!
A bat is nearby!
A bat is nearby!
A kobold comes into view. It is wielding a +1 whip of freezing.
There are monsters nearby!
The helpless bat fails to defend itself.
You impale the bat!!
You kill the bat!
The kobold shouts!
A kobold is nearby!
Natasha, Servant of Life and Death comes into view.
Unknown command.
The kobold attacks as it pursues you!
The kobold hits you with a +1 whip of freezing.
The kobold freezes you. 😕 HP[-3]
You take 3 damage, and now have 21/24 hp.
The kobold attacks as it pursues you!
The kobold hits you with a +1 whip of freezing.
The kobold freezes you. 😮 HP[-3]
You take 3 damage, and now have 18/24 hp.
Natasha hisses angrily.
You hit the kobold but do no damage.
The kobold hits you with a +1 whip of freezing.
The kobold freezes you.
* * * LOW HITPOINT WARNING * * *
😨 HP[-6]
You take 6 damage, and now have 12/24 hp.
MASSIVE DAMAGE!! (PAUSE)
You hit the kobold. You hit the kobold.
You kill the kobold!
Natasha mumbles some strange words. 😮 HP[+1] Natasha casts a spell at you.
The magic dart hits you!
* * * LOW HITPOINT WARNING * * *
😱 HP[-7]
You take 7 damage, and now have 6/24 hp.
MASSIVE DAMAGE!! (PAUSE) Unknown command.
Unknown command.
Okay, then.
Natasha claws you.
* * * LOW HITPOINT WARNING * * *
😱 HP[-2]
You take 2 damage, and now have 4/24 hp.
Casting: Ensorcelled Hibernation (safe; 13% risk of failure)
Confirm with . or Enter, or press ? or * to list all spells.
Aiming: Ensorcelled Hibernation (safe; 13% risk of failure)
Press: ? - help, Shift-Dir - straight line, f - Natasha
Aim: Natasha (chance to affect: 41%) Natasha looks drowsy...
The cerulean imp hits you from afar with a +0 spear.
You die...

Skill      XL: |  1  2 |
---------------+-------+-----
Short Blades   | 1 |  1.9
Stealth        | 3 |  3.0
Dodging        | |  1.7
Spellcasting   | |  2.3
Hexes          | |  3.6

Action                     || total
---------------------------++-------
  Melee: Dagger            ||   130
         Punch             ||     1
   Cast: Ensorcelled Hiber ||     3
   Stab: Sleeping          ||     7
 Armour: Robe              ||    67
  Dodge: Dodged            ||   105

Levels and vault maps discovered:
D:1:      scummos_arrival_star, layout_loops_cross, serial_aquarium,
          aquarium_bridge_square [aquarium_subvault_bridge,
          aquarium_subvault_bridge, aquarium_subvault_window,
          aquarium_subvault_wall], aquarium_window_fake, aquarium_window_1,
          aquarium_view_2e, aquarium_view_2d, aquarium_balcony_3b,
          serial_bayou_pond_d, minmay_misc_feat_square, minmay_pentomino_x2
D:2:      layout_basic, serial_shops, shop, uniq_sigmund, uniq_natasha

Notes
Turn   | Place    | Note
-------+----------+-------------------------------------------
     0 | D:1      | kae the Demonspawn Enchanter began the quest for the Orb.
     0 | D:1      | Reached XP level 1. HP: 13/13 MP: 3/3
     0 | D:1      | magus.rc [v1.11.3]
    32 | D:1      | Reached skill level 1 in Short Blades
   306 | D:1      | Gained mutation: You have a pair of small antennae on your
                  | head. [demonic ancestry]
   306 | D:1      | Reached XP level 2. HP: 19/19 MP: 5/5
   344 | D:1      | HP: 4/19 [bat (1)]
   351 | D:1      | HP: 4/19 [bat (1)]
   406 | D:1      | Learned a level 2 spell: Ensorcelled Hibernation
   945 | D:2      | Noticed Sigmund
   948 | D:2      | Reached skill level 3 in Stealth
   948 | D:2      | Gained mutation: You have a pair of antennae on your head.
                  | [demonic ancestry]
   948 | D:2      | Reached XP level 3. HP: 24/24 MP: 6/6
  1253 | D:2      | Learned a level 3 spell: Confusing Touch
  1504 | D:2      | Noticed Natasha
  1513 | D:2      | HP: 6/24 [Natasha/magic dart (7)]
  1516 | D:2      | Slain by a cerulean imp

Vanquished Creatures
  An adder (D:2)
  An orc (D:2)
  3 endoplasms
  4 giant cockroaches
  6 goblins
  4 hobgoblins
  A kobold (D:2)
  A quokka (D:1)
  3 ball pythons (D:1)
  5 bats
  A frilled lizard (D:1)
  4 rats
34 creatures vanquished.

Table legend:
 A = Non-vault XP
 B = Vault XP
 C = Vault XP percentage of total XP
 D = Non-vault monster count
 E = Vault monster count
 F = Vault count percentage of total count
                 A         B        C        D         E       F
            +---------+---------+-------+---------+---------+-------
      Total |      68 |       3 |   4.2 |      32 |       2 |   5.9
            +---------+---------+-------+---------+---------+-------
        D:1 |      37 |       3 |   7.5 |      22 |       2 |   8.3
        D:2 |      31 |       0 |   0.0 |      10 |       0 |   0.0
            +---------+---------+-------+---------+---------+-------

Skill      XL: |  1  2 |
---------------+-------+-----
Short Blades   | 1 |  1.9
Stealth        | 3 |  3.0
Dodging        | |  1.7
Spellcasting   | |  2.3
Hexes          | |  3.6

Action                     || total
---------------------------++-------
  Melee: Dagger            ||   130
         Punch             ||     1
   Cast: Ensorcelled Hiber ||     3
   Stab: Sleeping          ||     7
 Armour: Robe              ||    67
  Dodge: Dodged            ||   105

Illustrated notes

Table legend:
 A = Kills in this place as a percentage of kills in the entire game.
 B = Kills by you in this place as a percentage of kills by you in the entire game.
 C = Kills by friends in this place as a percentage of kills by friends in the entire game.
 D = Other kills in this place as a percentage of other kills in the entire game.
 E = Experience gained in this place as a percentage of experience gained in the entire game.
 F = Experience gained in this place divided by the number of levels of this place that you have seen.
                   A       B       C       D       E      F
               +-------+-------+-------+-------+-------+----------------------
         Total | 100.0 | 100.0 |   N/A |   N/A | 100.0 |  35.5
       Dungeon | 100.0 | 100.0 |   N/A |   N/A | 100.0 |  35.5
               +-------+-------+-------+-------+-------+----------------------

Table legend: (Time is in decaauts)
 A = Elapsed time spent in this place.
 B = Non-inter-level travel time spent in this place.
 C = Inter-level travel time spent in this place.
 D = Time resting spent in this place.
 E = Time spent auto-exploring this place.
 F = Levels seen in this place.
 G = Mean time per level.
                   A        B        C        D        E       F      G
               +--------+--------+--------+--------+--------+-----+--------+
         Total |   1508 |   1486 |     22 |     65 |   1120 |   2 |  754.0 |
       Dungeon |   1508 |   1486 |     22 |     65 |   1120 |   2 |  754.0 |
               +--------+--------+--------+--------+--------+-----+--------+

Top non-repeatable levels by time:
     D:1: 940 daAuts
     D:2: 568 daAuts
